 Dungeon Crawl Stone Soup version 0.21.1-1-g345015f (webtiles) character file.

119 theblackcape the Skirmisher (level 4, 0/37 HPs)
             Began as a Demonspawn Chaos Knight on June 4, 2018.
             Slain by a gnoll
             ... wielding a +0 spear
              (5 damage)
             ... on level 3 of the Dungeon.
             The game lasted 00:11:48 (1736 turns).

theblackcape the Skirmisher (DsCK)                  Turns: 1736, Time: 00:11:49

Health: 0/37       AC:  5    Str: 13    XL:     4   Next: 73%
Magic:  4/4        EV: 11    Int: 13    God:    Xom [..*...]
Gold:   113        SH:  3    Dex: 13    Spells: 3/3 levels left

rFire    . . .     SeeInvis .   a - +0 falchion (chaos)
rCold    . . .     Gourm    .   n - +0 buckler
rNeg     . . .     Faith    .   b - +2 leather armour
rPois    .         Spirit   .   (helmet restricted)
rElec    .         Reflect  .   (no cloak)
rCorr    .         Harm     .   (no gloves)
MR       .....                  (no boots)
Stlth    ..........             (no amulet)
HPRegen  0.12/turn              d - ring of loudness (curse)
MPRegen  0.09/turn              (no ring)

@: no status effects
A: antennae 1, powered by death 2
a: Renounce Religion


You were on level 3 of the Dungeon.
You worshipped Xom.
You were a toy of Xom.
You were not hungry.

You visited 1 branch of the dungeon, and saw 3 of its levels.

You collected 113 gold pieces.

Inventory:

Hand Weapons
 a - a +0 falchion of chaos (weapon)
Armour
 b - a +2 leather armour (worn)
 n - a +0 buckler (worn)
Jewellery
 d - a cursed ring of loudness (left hand)
Scrolls
 g - a scroll of blinking {unknown}
 j - 2 scrolls of identify {unknown}
 l - a scroll of enchant armour {unknown}
 o - a scroll of teleportation {unknown}
 p - a scroll of magic mapping
Potions
 e - a potion of resistance {unknown}
 h - a potion of heal wounds {unknown}
 i - a potion of ambrosia {unknown}
 k - a potion of flight {unknown}
 m - a potion of haste {unknown}
 q - a potion of mutation {unknown}
Comestibles
 c - 3 rations
 f - 2 chunks of flesh


   Skills:
 + Level 3.9 Fighting
 + Level 3.4 Long Blades
 + Level 2.8 Armour
 + Level 1.4 Dodging
 - Level 0.4 Stealth


You had 3 spell levels left.
You didn't know any spells.

Dungeon Overview and Level Annotations

Branches:
Dungeon (3/15)

Altars:
Okawaru

Portals:
Sewer: D:3


Innate Abilities, Weirdness & Mutations

You have a pair of small antennae on your head.
You regenerate health from kills.


Message History

You barely miss the gnoll.
The gnoll is heavily wounded.
The gnoll hits you but does no damage. The gnoll closely misses you.
As you read the scroll labeled KUAVEOMIBOE, it crumbles to dust.
You feel aware of your surroundings.
You sensed 1 altar.
It was a scroll of magic mapping.
The gnoll hits you from afar with a spear.
* * * LOW HITPOINT WARNING * * *
You block the gnoll's attack.
You hit the gnoll but do no damage.
The gnoll is heavily wounded.
The gnoll hits you but does no damage.
You hit the gnoll but do no damage.
The gnoll is heavily wounded.
The gnoll barely misses you.
You barely miss the gnoll.
The gnoll is heavily wounded.
The gnoll hits you with a spear.
You die...

#...........,* #...........#
#.#####.##.#** ##.########†#
#.#####.##<# #.# ##.##
#....##.##.# #.# #...#
##.##.##.##.#### #.# #≈≈≈#
....(..........# #.# #≈≈≈#
####.........#.# #.# #≈≈≈#
***#..###....#.###.#*****#≈≈≈#***
,,*#..........wg@..#*,,,,#≈∩≈#,,*
*,*#.####.#.##w#####*,***#≈≈≈#*,,
,,*#.* #....†.# *,** #≈≈≈#***
,,,..* ##...### *,,* *≈≈≈* ,,###*
#...# **,* *≈≈≈* ,,,,* #...#
******,***,,,* ,*,,*
#..?#***,,,,,,,,,,,** ,*,,*
#........#***w***,******
,*,,*****#....###.#*,,,,,,,**,,,,


You could see 2 worms and a gnoll.

Vanquished Creatures
  3 gnolls (D:2)
  5 adders
  4 dart slugs
  3 leopard geckos
  A ball python (D:2)
  4 giant cockroaches
  3 goblins
  4 hobgoblins
  5 bats
  4 kobolds
  3 rats
39 creatures vanquished.

Notes
Turn   | Place    | Note
-------+----------+-------------------------------------------
     0 | D:1      | theblackcape the Demonspawn Chaos Knight began the quest for the Orb.
     0 | D:1      | Reached XP level 1. HP: 18/18 MP: 1/1
   198 | D:1      | XOM: potion effect (brilliance)
   202 | D:1      | XOM: harmless Conj miscast
   203 | D:1      | XOM: harmless Ice miscast
   209 | D:1      | Reached skill level 1 in Dodging
   209 | D:1      | Gained mutation: You regenerate a little health from kills. [demonic ancestry]
   209 | D:1      | Reached XP level 2. HP: 22/24 MP: 2/2
   787 | D:1      | XOM: harmless Erth miscast
  1054 | D:2      | Gained mutation: You regenerate health from kills. [demonic ancestry]
  1054 | D:2      | Reached XP level 3. HP: 29/29 MP: 3/3
  1168 | D:2      | Found an iron altar of Okawaru.
  1259 | D:3      | XOM: divination: detect creatures
  1263 | D:2      | XOM: swap monsters
  1265 | D:2      | Gained mutation: You have a pair of small antennae on your head. [demonic ancestry]
  1265 | D:2      | Reached XP level 4. HP: 29/37 MP: 4/4
  1360 | D:2      | XOM: mild Tloc miscast
  1496 | D:2      | XOM: medium Chrm miscast
  1657 | D:3      | Found a glowing drain.
  1725 | D:3      | XOM: harmless Conj miscast
  1736 | D:3      | Slain by a gnoll

Skill      XL: |  1  2  3 |
---------------+----------+-----
Armour         | 2 |  2.8
Dodging        | 1 |  1.4
Long Blades    | 3 |  3.4
Fighting       | |  3.9
Stealth        | |  0.4

Action                   |  1- 3 |  4- 6 || total
-------------------------+-------+-------++-------
Melee: Falchion          |    73 |    54 ||   127
  Use: Scroll            |     1 |     1 ||     2
 Stab: Petrifying        |     1 |       ||     1
  Eat: Chunk             |     1 |     2 ||     3
Armor: Leather armour    |    27 |    20 ||    47
Dodge: Dodged            |    53 |    36 ||    89
Block: Buckler           |       |    13 ||    13
       Rpst.: Falchion   |    13 |    11 ||    24
